 Dungeon Crawl Stone Soup version 0.22-a0-162-g33bf127 (webtiles) character file.

158 Gorglomux the Stinger (level 4, -3/38 HPs)
             Began as a Demigod Venom Mage on Feb 13, 2018.
             Killed from afar by Sigmund (9 damage)
             ... with a magic dart
             ... on level 3 of the Dungeon.
             The game lasted 00:10:53 (3388 turns).

Gorglomux the Stinger (Demigod Venom Mage)          Turns: 3388, Time: 00:10:54

Health: -3/38      AC:  2    Str: 13    XL:     4   Next: 94%
Magic:  7/9        EV: 15    Int: 19    God:
Gold:   155        SH:  0    Dex: 16    Spells: 4/7 levels left

rFire    + . .     SeeInvis .   d - +0 whip
rCold    + . .     Gourm    .   (no shield)
rNeg     + . .     Faith    .   a - +0 robe
rPois    +         Spirit   .   (no helmet)
rElec    +         Reflect  .   (no cloak)
rCorr    +         Harm     .   (no gloves)
MR       .....                  (no boots)
Stlth    +.........             (no amulet)
HPRegen  0.12/turn              m - +3 ring of evasion
MPRegen  0.11/turn              U - ring of positive energy

@: confused, resistant
A: high mp 1
a: no special abilities


You were on level 3 of the Dungeon.
You were hungry.

You visited 1 branch of the dungeon, and saw 3 of its levels.

You collected 155 gold pieces.

Inventory:

Hand Weapons
 d - a +0 whip (weapon)
Armour
 a - a +0 robe (worn)
 V - a +0 leather armour
Jewellery
 m - a +3 ring of evasion (left hand)
 U - a ring of positive energy (right hand)
Scrolls
 h - a scroll of magic mapping {unknown}
 n - a scroll of amnesia {unknown}
 R - a scroll of identify
 X - a scroll of immolation {unknown}
Potions
 g - a potion of flight
 i - a potion of cancellation
 S - a potion of resistance
Books
 b - a Young Poisoner's Handbook

   Spells                             Type                      Level
   a - Sting                          Conjuration/Poison           1
   b - Poisonous Vapours              Poison/Air                   2
   c - Mephitic Cloud                 Conjuration/Poison/Air       3
   d - Olgreb's Toxic Radiance        Poison                       4
   e - Venom Bolt                     Conjuration/Poison           5
Comestibles
 c - 3 rations


   Skills:
 + Level 3.0 Fighting
 - Level 1.7 Dodging
 - Level 1.7 Stealth
 - Level 2.0 Spellcasting
 - Level 0.8 Conjurations
 - Level 2.1 Air Magic
 + Level 3.3 Poison Magic


You had 4 spell levels left.
You knew the following spells:

 Your Spells              Type           Power        Failure   Level  Hunger
a - Sting                 Conj/Pois      #...         7%          1    #......
b - Poisonous Vapours     Pois/Air       ##....       9%          2    ###....


Dungeon Overview and Level Annotations

Branches:
Dungeon (3/15)

Annotations:
D:3 KristoblXynda's ghost, amateur DrGl; Sigmund


Innate Abilities, Weirdness & Mutations

You have an increased reservoir of magic. (+10% MP)


Message History

* * * don't die
* * * Sigmund burns you! * * * don't butt
* * * Unknown command!
Unknown command!
You bump into the rock wall!
Unknown command!
Unknown command!
You feel protected! Sigmund misses you!
Unknown command!
You bump into the rock wall!
You feel less confused! Butt gestures at you while chanting!
You are confused!
Unknown command!
You bump into the rock wall!
Butt points at you and mumbles some strange words!
The magic dart hits you!!! rip

.# ...# ..........# .# ...#
W..(......# .#
..##..........###### .#
.........%.......... .#
########.##..........######
.# #....................#
.# #.######.##..........#
.# #.# #@###.######### .#
#.# #..@...# .# #.#
######## .# #.# §# #.# §#
#.# §######.# §§§§§...#
#######.# #.#


You could see Sigmund.

Vanquished Creatures
  4 gnolls (D:2)
  5 adders
  2 worms
  A dart slug (D:2)
  4 leopard geckos
  An orc (D:3)
  A ball python (D:3)
  2 giant cockroaches
  4 goblins
  4 hobgoblins
  10 jackals
  8 kobolds
  3 bats
  6 frilled lizards
  9 rats
64 creatures vanquished.

Notes
Turn   | Place    | Note
-------+----------+-------------------------------------------
     0 | D:1      | Gorglomux the Demigod Venom Mage began the quest for the Orb.
     0 | D:1      | Reached XP level 1. HP: 14/14 MP: 5/5
    92 | D:1      | Reached skill level 1 in Fighting
   529 | D:1      | Reached XP level 2. HP: 23/23 MP: 2/7
   676 | D:1      | Learned a level 2 spell: Poisonous Vapours
  1020 | D:2      | Reached XP level 3. HP: 24/29 MP: 1/8
  1027 | D:2      | Reached skill level 1 in Air Magic
  1333 | D:2      | Found a sparkling altar of Nemelex Xobeh.
  1669 | D:2      | Reached XP level 4. HP: 37/37 MP: 0/9
  1898 | D:2      | Found a bloodstained altar of Trog.
  1917 | D:2      | Reached skill level 3 in Poison Magic
  2398 | D:3      | Noticed Sigmund
  2802 | D:3      | Found an ornate altar of the Wu Jian Council.
  2813 | D:3      | Found an opulent altar of Gozag.
  2896 | D:3      | Noticed KristoblXynda's ghost (amateur DrGl)
  3252 | D:3      | Reached skill level 3 in Fighting
  3268 | D:3      | HP: 1/38 [poisoned by an adder]
  3388 | D:3      | Killed from afar by Sigmund

Vault maps used:
D:1:      minmay_arrival_four_circles
D:2:      nemelex_xobeh_ov_fountains_minmay, first_ration, bloody_trog
D:3:      chequers_temple_overflow_statue_of_worship, uniq_sigmund

Skill      XL: |  1  2  3  4 |
---------------+-------------+-----
Fighting       | 1 2 3 |  3.0
Air Magic      | 2 |  2.1
Spellcasting   | 2 |  2.0
Poison Magic   | 3 |  3.3
Dodging        | |  1.7
Stealth        | |  1.7
Conjurations   | |  0.8

Action                   |  1- 3 |  4- 6 || total
-------------------------+-------+-------++-------
Melee: Whip              |     8 |    22 ||    30
 Cast: Sting             |    55 |       ||    55
       Poisonous Vapours |    24 |    38 ||    62
  Use: Scroll            |       |     8 ||     8
       Potion            |       |     3 ||     3
  Eat: Chunk             |     5 |     7 ||    12
Armor: Robe              |    12 |     5 ||    17
Dodge: Dodged            |    41 |    27 ||    68

Table legend:
 A = Spawn XP
 B = Non-spawn XP
 C = Spawn XP percentage of total XP
 D = Spawn monster count
 E = Non-spawn monster count
 F = Spawn count percentage of total count
 G = Total turns spent on level
                    A         B        C        D         E        F      G
               +---------+---------+-------+---------+---------+-------+---------
         Total |       0 |     226 |   0.0 |       0 |      64 |   0.0 |  3388
               +---------+---------+-------+---------+---------+-------+---------
           D:1 |       0 |      42 |   0.0 |       0 |      18 |   0.0 |  1070
           D:2 |       0 |     127 |   0.0 |       0 |      28 |   0.0 |  1172
           D:3 |       0 |      57 |   0.0 |       0 |      18 |   0.0 |  1146
               +---------+---------+-------+---------+---------+-------+---------
